 Dungeon Crawl Stone Soup version 0.31-a0-234-gad7ace16ef (webtiles) character file.

Game seed: 9730588404632988590

62 qw the Shooter (level 3, -5/29 HPs)
             Began as a Minotaur Hexslinger on July 9, 2023.
             Slain by Terence
             ... wielding a +0 antimagic flail
              (11 damage)
             ... on level 1 of the Dungeon.
             The game lasted 00:00:27 (1352 turns).

qw the Shooter (Minotaur Hexslinger)                Turns: 1352, Time: 00:00:28

Health: -5/29      AC:  4    Str: 12    XL:     3   Next: 85%
Magic:  0/3        EV: 12    Int: 10    God:
Gold:   41         SH:  5    Dex: 14    Spells: 3/4 levels left

rFire   . . .        Y - +1 sling
rCold   . . .        (no shield)
rNeg    . . .        f - +0 leather armour
rPois   .            (helmet restricted)
rElec   .            e - +0 cloak
rCorr   .            (no gloves)
SInv    .            (no boots)
Will    .....        b - amulet of reflection
Stlth   +            (no ring)
HPRegen 0.24/turn    (no ring)
MPRegen 0.08/turn

%: reflection
@: no status effects
A: horns 2, retaliatory headbutt
a: no special abilities


You were on level 1 of the Dungeon.
You visited 1 branch of the dungeon, and saw 2 of its levels.

You collected 41 gold pieces.


Innate Abilities, Weirdness & Mutations

You have a pair of horns on your head.
You reflexively headbutt those who attack you in melee.


   Skills:
 - Level 2.0 Fighting
 + Level 4.4 Ranged Weapons
 - Level 2.1 Dodging
 - Level 1.0 Spellcasting
 - Level 2.0 Hexes


You had 3 spell levels left.
You knew the following spells:

 Your Spells              Type           Power      Damage    Failure   Level
a - Slow                  Hex            16%        N/A       19%         1

Your spell library contained the following spells:

 Spells                   Type           Power      Damage    Failure   Level
 Inner Flame              Hex/Fire       2%         N/A       65%         3
 Portal Projectile        Hex/Tloc       4%         N/A       65%         3
 Cause Fear               Hex            2%         N/A       88%         4

Inventory:

Hand Weapons
 Y - a +1 sling (weapon)
Armour
 e - a +0 cloak (worn)
 f - a +0 leather armour (worn)
Jewellery
 b - an amulet of reflection (around neck)
Potions
 h - a potion of invisibility {unknown}
 i - a potion of ambrosia {unknown}

Dungeon Overview and Level Annotations

Branches:
Dungeon (2/15)

Altars:

Annotations:
D:1 Terence


Message History

You shoot a sling bullet.
The sling bullet closely misses the quokka.
The sling bullet hits Terence.
Terence is lightly wounded.
The quokka barely misses you. The quokka closely misses you.
You furiously retaliate!
You headbutt the quokka. You shoot a sling bullet.
The sling bullet closely misses the quokka.
The sling bullet barely misses Terence.
The goblin hits you but does no damage. The quokka misses you.
You furiously retaliate!
You headbutt the quokka, but do no damage.
You shoot a sling bullet.
The sling bullet barely misses the quokka.
The goblin hits you with a +0 club. Terence barely misses you.
You furiously retaliate!
You headbutt Terence! The quokka misses you. You furiously retaliate!
You headbutt the quokka, but do no damage.
Terence barely misses you. The goblin hits you with a +0 club.
1348 ||| STAIRDANCE The quokka barely misses you.
The quokka closely misses you. The goblin hits you but does no damage.
Terence closely misses you.
You climb upwards.
There is a stone staircase leading down here.
You shoot a sling bullet.
The sling bullet barely misses the quokka.
The quokka bites you.
Terence hits you with a +0 antimagic flail!
You feel your power leaking away. You block the goblin's attack.
You shoot a sling bullet.
The sling bullet hits the quokka but does no damage.
The quokka is severely wounded.
You block the quokka's attack. The goblin hits you but does no damage.
Terence hits you with a +0 antimagic flail!
You block the quokka's attack.
You shoot a sling bullet. The sling bullet hits the quokka.
You kill the quokka!
Terence hits you with a +0 antimagic flail!
You die...

###.####.#######...#...####.###.#
#.....##.#...# #####...# #......
#.###........###.......# #####.#
#.# #..#.#...#.......### #.#
#.###.##.#...#.#####.# #..
#........#........##.# ###
###.###......#.##.##.#
#.###.####.#.##.##.#
###.......##.#.g@%...#
....###.#.##.#.##@#:## .#..#
#......#.##.#.# ...##
#......#.#..#.# #.##
#.....##.#.##.# ..#
#.....##......# ..#
#.....####.#### .## ####### #.#
## ##.#


You could see Terence and a goblin.

Vanquished Creatures
  An adder (D:2)
  2 worms (D:2)
  3 ball pythons
  2 bats (D:1)
  4 endoplasms
  2 giant cockroaches (D:1)
  4 hobgoblins
  6 jackals (D:1)
  3 kobolds (D:2)
  4 quokkas
  2 frilled lizards (D:1)
  3 goblins (D:1)
  7 rats
43 creatures vanquished.

Notes
Turn   | Place    | Note
-------+----------+-------------------------------------------
     0 | D:1      | qw the Minotaur Hexslinger began the quest for the Orb.
     0 | D:1      | Reached XP level 1. HP: 16/16 MP: 1/1
     0 | D:1      | 0 ||| qw: Version: 0.3-a-51-g015441d
     0 | D:1      | 0 ||| qw: Game counter: 4161
     0 | D:1      | 0 ||| qw: Melee chars always use a shield: true
     0 | D:1      | 0 ||| qw: God list: Okawaru
     0 | D:1      | 0 ||| qw: Allow faded altars: false
     0 | D:1      | 0 ||| qw: Do Orc after clearing Dungeon:15 true
     0 | D:1      | 0 ||| qw: Do second Lair branch before Depths: true
     0 | D:1      | 0 ||| qw: Lair rune preference: random
     0 | D:1      | 0 ||| qw: Goals: Normal
     0 | D:1      | 0 ||| PLANNING D:1-11
   128 | D:1      | Reached skill level 3 in Ranged Weapons
   130 | D:1      | Reached XP level 2. HP: 23/23 MP: 2/2
   532 | D:1      | Reached XP level 3. HP: 29/29 MP: 3/3
   633 | D:1      | 633 ||| UPGRADING to +0 cloak.
   638 | D:1      | 638 ||| READING scroll labelled JUPPONNUROD.
   639 | D:1      | 639 ||| READING scroll labelled LIUWOILITE.
   640 | D:1      | 640 ||| READING scroll labelled PUFOLAALYAQ.
   641 | D:1      | 641 ||| DROPPING scroll of poison.
   707 | D:2      | Reached skill level 4 in Ranged Weapons
   711 | D:2      | 711 ||| FLEEEEING.
   712 | D:2      | 712 ||| FLEEEEING.
   714 | D:2      | 714 ||| FLEEEEING.
   715 | D:2      | 715 ||| FLEEEEING.
   716 | D:2      | 716 ||| FLEEEEING.
   717 | D:2      | 717 ||| FLEEEEING.
   718 | D:2      | 718 ||| FLEEEEING.
   719 | D:2      | 719 ||| FLEEEEING.
   720 | D:2      | 720 ||| FLEEEEING.
  1282 | D:2      | 1282 ||| UPGRADING to +0 leather armour.
  1292 | D:2      | 1292 ||| DROPPING +0 robe.
  1293 | D:2      | 1293 ||| DROPPING amulet of magic regeneration.
  1294 | D:2      | 1294 ||| UPGRADING to amulet of reflection.
  1299 | D:2      | 1299 ||| READING scroll labelled KOOTAOKHL EWOL.
  1341 | D:2      | Noticed Terence
  1348 | D:2      | 1348 ||| STAIRDANCE
  1351 | D:1      | HP: 6/29 [Terence/+0 antimagic flail (8)]
  1352 | D:1      | Slain by Terence

Levels and vault maps discovered:
D:1:      dpeg_arrival_tiny_g, layout_loops_cross
D:2:      minmay_inner_zag, layout_loops_cross, minmay_misc_feat_room,
          uniq_terence

Skill      XL: |  1  2  3 |
---------------+----------+-----
Ranged Weapons | 3 4 |  4.4
Fighting       | 2 |  2.0
Dodging        | |  2.1
Spellcasting   | |  1.0
Hexes          | |  2.0

Action                     || total
---------------------------++-------
   Fire: Sling             ||   108
    Use: Scroll            ||     4
 Armour: Robe              ||     8
         Leather armour    ||     3
  Dodge: Dodged            ||    33
  Block: Other             ||     4

Table legend:
 A = Non-vault XP
 B = Vault XP
 C = Vault XP percentage of total XP
 D = Non-vault monster count
 E = Vault monster count
 F = Vault count percentage of total count
                 A         B        C        D         E       F
            +---------+---------+-------+---------+---------+-------
      Total |      66 |      25 |  27.5 |      36 |       7 |  16.3
            +---------+---------+-------+---------+---------+-------
        D:1 |      46 |       0 |   0.0 |      26 |       0 |   0.0
        D:2 |      20 |      25 |  55.6 |      10 |       7 |  41.2
            +---------+---------+-------+---------+---------+-------
